 Dungeon Crawl Stone Soup version 0.28-a0-1213-g0243856f03 (webtiles) character file.

Game seed: 5661562122271200574

117592 ReploidZero the Warrior (level 17, -9/131 HPs)
             Began as a Djinni Conjurer on Dec 21, 2021.
             Was a High Priest of Nemelex Xobeh.
             Mangled by Asterion (17 damage)
             ... on level 2 of the Snake Pit.
             The game lasted 02:12:51 (27892 turns).

ReploidZero the Warrior (Djinni Conjurer)          Turns: 27892, Time: 02:12:56

Health: -9/131     AC:  9    Str: 11    XL:     17   Next: 29%
Gold:   2039       EV: 16    Int: 31    God:    Nemelex Xobeh [*****.] SH:  0 Dex: 18

rFire   + + .      SeeInvis .   z - +5 trident "Fuded" {vorpal, Str+5 Dex+3}
rCold   x . .      Faith    .   (no shield)
rNeg    + . .      Spirit   .   j - +0 troll leather armour
rPois   ∞          Reflect  .   f - +2 helmet
rElec   .          Harm     .   d - +0 cloak
rCorr   .          Rampage  .   S - +0 pair of gloves
Will    +....                   (boots unavailable)
Stlth   ++........              F - amulet of regeneration
HPRegen 1.91/turn               m - ring of positive energy
MPRegen 0.00/turn               J - +6 ring of intelligence

@: flying, constricted
A: sickness immunity, fire resistance 2, cold vulnerability 1, float, innate
caster, hp casting, extra vitality 1
a: Renounce Religion, Draw Escape, Draw Destruction, Draw Summoning, Triple
Draw, Deal Four, Stack Five


You were on level 2 of the Snake Pit.
You worshipped Nemelex Xobeh.
Nemelex Xobeh was extremely pleased with you.
You visited 5 branches of the dungeon, and saw 26 of its levels.
You also visited: Ice Cave.

You collected 3715 gold pieces.
You spent 1676 gold pieces at shops.

Inventory:

Hand Weapons
 b - a +0 quarterstaff of flaming
 z - the +5 trident "Fuded" (weapon) {vorpal, Str+5 Dex+3}
   (You found it on level 14 of the Dungeon)

   It inflicts extra damage upon your enemies.
   Str:       It affects your strength (+5).
   Dex:       It affects your dexterity (+3).
Missiles
 v - a throwing net
Armour
 d - a +0 cloak (worn)
 f - a +2 helmet (worn)
 j - a +0 troll leather armour (worn)
 w - a +1 robe of cold resistance
 I - +0 fire dragon scales
 O - +0 acid dragon scales
 S - a +0 pair of gloves (worn)
Magical Staves
 M - a staff of earth
Jewellery
 m - a ring of positive energy (left hand)
 u - a +6 ring of dexterity
 F - an amulet of regeneration (around neck)
 J - a +6 ring of intelligence (right hand)
 K - a ring of protection from cold
 Q - a ring of resist corrosion
 R - an amulet of the acrobat
Wands
 n - a wand of polymorph (7)
 p - a wand of flame (55)
 r - a wand of acid (11)
 s - a wand of digging (3)
 y - a wand of paralysis (6)
 B - a wand of charming (4)
 C - a wand of mindburst (6)
Scrolls
 a - 7 scrolls of fog
 c - a scroll of acquirement
 e - 8 scrolls of teleportation
 g - 10 scrolls of identify
 o - 3 scrolls of enchant armour
 q - 2 scrolls of enchant weapon
 E - a scroll of silence
 G - 2 scrolls of magic mapping
Potions
 h - 5 potions of ambrosia
 i - 4 potions of lignification
 k - 9 potions of curing
 l - 9 potions of might
 A - 2 potions of mutation
 D - 4 potions of cancellation
 H - 7 potions of invisibility
 N - a potion of berserk rage
 P - 4 potions of brilliance
Miscellaneous
 t - a tin of tremorstones (2/2)
 T - a piece from Xom's chessboard (15/15)


   Skills:
 + Level 15.4 Fighting
 - Level 12.0 Dodging
 - Level 1.5 Stealth
 + Level 15.2 Spellcasting
 + Level 13.4 Invocations


You had one spell level left.
You knew the following spells:

 Your Spells              Type           Power      Damage    Failure   Level
a - Magic Dart            Conj           100%       1d8       0%          1
b - Searing Ray           Conj           100%       2d8       0%          2
c - Dazzling Flash        Conj/Hex       100%       N/A       0%          3
d - Fulminant Prism       Conj/Hex       43%        3d20      1%          4
e - Iskenderun's Mystic   Conj/Tloc      87%        2d17      1%          4
f - Pain                  Necr           100%       1d9       0%          1
g - Passwall              Tmut/Erth      72%        N/A       0%          2
h - Call Imp              Summ           87%        N/A       0%          2
i - Airstrike             Air            43%        N/A       1%          4
j - Summon Mana Viper     Hex/Summ       87%        N/A       1%          5
k - Agony                 Necr           87%        N/A       1%          5
l - Eringya's Noxious Bo  Tmut/Pois      43%        N/A       1%          6
m - Conjure Ball Lightni  Conj/Air       43%        3x3d15    1%          6
Your spell library was empty.

Dungeon Overview and Level Annotations

Branches:
Dungeon (15/15)            Temple (1/1) D:7            Lair (6/6) D:10
 Shoals (0/4) Lair:2        Snake (2/4) Lair:4        Slime (0/5) Lair:6
    Orc (2/2) D:9             Elf (0/3) Orc:2        Vaults (0/5) D:13
 Depths (0/4) D:15          IceCv (visited)

Altars:
Ashenzari
Cheibriados
Dithmenos
Elyvilon
Fedhas
Gozag
Hepliaklqana
Kikubaaqudgha
Makhleb
Nemelex Xobeh
Okawaru
Qazlal
Ru
Sif Muna
Trog
Uskayaw
Vehumet
Wu Jian
Xom
Yredelemnul
Zin
The Shining One
Jiyva

Shops:
D:8 [   D:10 (   D:13 [   D:14 :   D:15 :   Orc:1 !   Orc:2 [:[*   Snake:1 =:=

Annotations:
D:9 1 runed translucent door
D:15 2 transporters, freelancePsychic's ghost, adept DjWr
Snake:2 Asterion


Innate Abilities, Weirdness & Mutations

You are immune to sickness and miasma.
You are immune to poison.
Your flesh is very heat resistant. (rF++)
You are vulnerable to cold. (rC-)
You float through the air rather than walking.
You learn spells naturally, not from books.
Your magical power is your life essence.
You have superior vitality. (+4 MHP)


Message History

The splash of poison hits you but does no damage.
You resist.
The naga sharpshooter shoots an arrow.
The arrow hits you!
* * * LOW HITPOINT WARNING * * *
The arrow freezes you.
* * * LOW HITPOINT WARNING * * *
Unknown command.
Unknown command.
Okay, then.
Okay, then.
Unknown command.
Unknown command.
Okay, then.
Okay, then.
Unknown command.
Unknown command.
Reach: z) +5 trident "Fuded" {vorpal, Str+5 Dex+3}
Press: ? - help, Dir - move target Your weapon can't reach that far!
Okay, then.
Unknown command.
Casting: Iskenderun's Mystic Blast (safe; 1% risk of failure)
Confirm with . or Enter, or press ? or * to list all spells.
Okay, then.
Unknown command.
Okay, then.
Unknown command.
Okay, then.
Okay, then.
Okay, then.
Okay, then.
Okay, then.
Unknown command.
You draw... (choose one card, ? for their descriptions)
a - the Cloud
b - the Tomb
c - the Tomb You have drawn the Cloud.
Clouds appear around you!
Asterion hits you with a +1 demon blade of electrocution!
You die...
Your body glows slightly and disappears.

........S.#
#..........<.#
#...........##
#.........###
#.......##
##N).)..#
#§§...).#
##N§§§..)##
#N§@S§....#
#§§HN§<..[#
#N§#####...#
#... ...# #...
...# #... ...
...$ .. ....>
.


You could see Asterion (fast), 2 naga warriors, a naga sharpshooter (strong), a
mana viper and a naga (strong, catching breath).

Vanquished Creatures
  The ghost of Athoe the Carver, an adept PaFi of Makhleb (Snake:1)
  A ghost moth (Lair:4)
  An orc warlord (Orc:1)
  An emperor scorpion (Lair:4)
  A dire elephant (Lair:6)
  An entropy weaver (Lair:4)
  A rakshasa (D:13)
  A vault guard (D:13)
  4 boulder beetles
  3 naga warriors
  7 hydras
  Erica (D:9)
  2 centaur warriors
  2 catoblepae
  2 death knights
  3 death yaks
  5 two-headed ogres
  2 tengu warriors
  A naga sharpshooter (Snake:2)
  2 shock serpents
  2 orc high priests (Orc:2)
  A salamander mystic (Snake:1)
  A skeletal warrior (D:14)
  A deep troll (D:15)
  A naga ritualist (Snake:1)
  2 wizards
  A harpy (shapeshifter) (D:15)
  A necromancer (D:15)
  Pikel (D:7)
  9 mana vipers (Snake:1)
  4 orc knights
  A salamander (Snake:1)
  2 deep elf pyromancers
  4 orc sorcerers
  3 ugly things
  A cyclops (D:13)
  4 manticores
  A moth of wrath (Snake:1)
  2 slime creatures (D:14)
  10 elephants
  14 black mambas
  2 guardian serpents (Snake:2)
  A torpor snail (Lair:4)
  9 cane toads
  3 naga magi
  A gargoyle (D:12)
  A rime drake (Lair:5)
  4 komodo dragons
  An anaconda simulacrum (IceCv)
  3 tengu conjurers (D:14)
  2 freezing wraiths (D:14)
  An unseen horror (D:11)
  3 kobold demonologists
  3 yaktaurs (D:15)
  2 entropy weaver simulacra (IceCv)
  An efreet (D:14)
  2 meliai (D:14)
  3 trolls
  A merfolk (D:14)
  2 hornets
  A polar bear (Lair:6)
  Grinder (D:6)
  35 blink frogs
  4 dream sheep (Lair:6)
  2 shadows
  A dire elephant simulacrum (IceCv)
  Eustachio (D:6)
  A tarantella (shapeshifter) (D:13)
  Sigmund (D:6)
  3 wraiths
  3 wyverns
  10 humans
  47 yaks
  3 basilisks
  9 hogs
  7 vampire mosquitoes
  A steam dragon (D:6)
  3 wargs
  A death yak simulacrum (IceCv)
  A harpy simulacrum (IceCv)
  8 nagas
  2 acid dragons
  14 water moccasins
  2 ice beasts
  9 orc warriors
  2 sky beasts (D:6)
  7 black bears
  12 ogres
  A necrophage (D:7)
  4 centaurs
  27 wolves
  2 lemures (D:7)
  2 kobold brigands
  7 bullfrogs
  2 gnoll sergeants
  10 two-headed ogre simulacra (IceCv)
  A scorpion (D:5)
  A water moccasin zombie (D:6)
  An elephant simulacrum (IceCv)
  18 killer bees
  6 wights
  An electric eel (Lair:6)
  A bullfrog zombie (D:6)
  2 centaur zombies
  7 orc priests
  3 hounds
  2 jellies
  A human skeleton (D:9)
  Jessica (D:3)
  3 iguanas
  Natasha (thrice) (D:3)
  8 orc wizards
  6 spriggan simulacra (IceCv)
  3 polar bear simulacra (IceCv)
  2 troll simulacra (IceCv)
  2 wolf simulacra (IceCv)
  Robin (D:2)
  11 gnolls
  A howler monkey skeleton (D:7)
  8 adders
  3 naga simulacra (IceCv)
  A river rat (D:6)
  A shadow imp (D:8)
  2 white imps (IceCv)
  8 ufetubi
  6 worms
  2 dart slugs
  30 orcs
  3 endoplasms
  14 goblins
  6 hobgoblins
  4 quokkas
  5 ball pythons
  4 bats
  10 frilled lizards
  A jackal skeleton (D:9)
  17 kobolds
  8 rats
617 creatures vanquished.

Vanquished Creatures (collateral kills)
  Kirke (D:13)
  Josephine (D:13)
  An ettin (D:15)
  A vault guard (D:13)
  2 hydras (Lair:6)
  Harold (Orc:1)
  An anaconda (Snake:1)
  An ogre mage (D:15)
  A centaur warrior (D:15)
  3 two-headed ogres (D:15)
  A death yak (Lair:5)
  A shock serpent (Snake:1)
  The ghost of siradein the Skirmisher, a novice PaFi of Yredelemnul (D:8)
  A wizard (D:13)
  A mana viper (Snake:1)
  An orb spider (shapeshifter) (D:15)
  5 elephants (Lair:6)
  A black mamba (Lair:6)
  Joseph (Lair:1)
  2 guardian serpents (Snake:1)
  A kobold demonologist (D:8)
  2 komodo dragons
  2 yaktaurs
  A tengu conjurer (D:15)
  A meliai (D:14)
  A queen bee (D:11)
  A dream sheep (Lair:6)
  4 wraiths (D:13)
  A wyvern (D:8)
  12 humans (D:13)
  2 ogres
  6 wolves
  4 centaurs (D:15)
  2 bullfrogs
  15 killer bees (D:11)
  An orc wizard (Orc:1)
  3 orcs (Orc:1)
87 creatures vanquished.

Vanquished Creatures (others)
  Snorg (D:14)
  2 boulder beetles (D:12)
  An ogre mage (D:13)
  A hydra (Lair:6)
  A catoblepas (Lair:6)
  A centaur warrior (D:12)
  A deep troll shaman (Lair:6)
  A two-headed ogre (D:13)
  6 death yaks (Lair:6)
  An orc high priest (Orc:2)
  A shock serpent (Snake:1)
  A naga ritualist (Snake:1)
  2 orc knights (Orc:2)
  4 ugly things (D:15)
  2 orc sorcerers (Orc:2)
  3 salamanders (Snake:2)
  3 elephants (Lair:6)
  A slime creature (D:14)
  8 yaks
  2 wargs (Orc:2)
  11 orc warriors
  A black bear (Lair:6)
  4 ogres
  5 wolves (Lair:6)
  2 centaurs (D:11)
  A gnoll sergeant (D:12)
  3 orc priests (Orc:2)
  8 orc wizards
  3 gnolls (D:12)
  15 orcs
  3 ball lightnings (Snake:1)
  A bush (Lair:6)
  39 fulminant prisms
  43 fungi
  90 plants
272 creatures vanquished.

Grand Total: 976 creatures vanquished

Notes
Turn   | Place    | Note
-------+----------+-------------------------------------------
     0 | D:1      | ReploidZero the Djinni Conjurer began the quest for the
                  | Orb.
     0 | D:1      | Reached XP level 1. HP: 15/15 MP: 0/0
   296 | D:1      | Reached XP level 2. HP: 19/21 MP: 0/0
   670 | D:1      | Found a faded altar of an unknown god.
  1428 | D:2      | Reached XP level 3. HP: 20/25 MP: 0/0
  1428 | D:2      | Learned a level 1 spell: Pain
  1518 | D:2      | Noticed Robin
  1524 | D:2      | Killed Robin
  1774 | D:2      | Reached XP level 4. HP: 19/31 MP: 0/0
  2930 | D:3      | Found a snail-covered altar of Cheibriados.
  2995 | D:3      | Reached XP level 5. HP: 34/35 MP: 0/0
  2995 | D:3      | Learned a level 2 spell: Passwall
  3095 | D:3      | Identified 2 scrolls of acquirement
  3095 | D:3      | Acquired 785 gold pieces
  3154 | D:3      | Noticed Natasha
  3159 | D:3      | Killed Natasha
  3299 | D:3      | Noticed Natasha
  3303 | D:3      | Killed Natasha
  3304 | D:3      | Reached skill level 5 in Spellcasting
  3418 | D:3      | Noticed Natasha
  3420 | D:3      | Killed Natasha
  3532 | D:3      | Noticed Jessica
  3536 | D:3      | Killed Jessica
  3537 | D:3      | Reached XP level 6. HP: 36/40 MP: 0/0
  4093 | D:4      | Noticed a black bear
  4099 | D:4      | Killed a black bear
  4100 | D:4      | Reached XP level 7. HP: 28/45 MP: 0/0
  4100 | D:4      | Learned a level 2 spell: Call Imp
  5030 | D:5      | Entered Level 5 of the Dungeon
  5669 | D:5      | Reached XP level 8. HP: 27/50 MP: 0/0
  6672 | D:6      | Reached skill level 1 in Fighting
  6674 | D:6      | Noticed Eustachio
  7090 | D:6      | Found a sparkling altar of Nemelex Xobeh.
  7096 | D:6      | Noticed Sigmund
  7097 | D:6      | Became a worshipper of Nemelex Xobeh the Trickster
  7101 | D:6      | Killed Sigmund
  7102 | D:6      | Reached XP level 9. HP: 54/58 MP: 0/0
  7102 | D:6      | Learned a level 4 spell: Airstrike
  7121 | D:6      | Killed Eustachio
  7712 | D:6      | Noticed Grinder
  7714 | D:6      | Killed Grinder
  8250 | D:6      | Reached skill level 5 in Dodging
  8837 | D:7      | Reached XP level 10. HP: 56/68 MP: 0/0
  8962 | D:7      | Found a staircase to the Ecumenical Temple.
  9128 | D:7      | Noticed Pikel
  9133 | D:7      | Killed Pikel
  9400 | D:7      | Reached * piety under Nemelex Xobeh
  9409 | D:7      | Reached skill level 5 in Fighting
  9732 | Temple   | Entered the Ecumenical Temple
 10160 | D:8      | Found Unlyfr Povo's Antique Armour Boutique.
 10168 | D:8      | Bought a troll leather armour for 225 gold pieces
 10185 | D:8      | Noticed a kobold demonologist
 10193 | D:8      | Noticed siradein's ghost (novice PaFi)
 10240 | D:8      | Reached skill level 10 in Spellcasting
 10531 | D:8      | Received a gift from Nemelex Xobeh
 10798 | D:8      | Found a transporter.
 10804 | D:8      | Found a transporter.
 10986 | D:9      | Noticed Erica
 10995 | D:9      | Killed Erica
 11053 | D:9      | Found a staircase to the Orcish Mines.
 11093 | D:9      | Reached XP level 11. HP: 64/76 MP: 0/0
 11093 | D:9      | Learned a level 5 spell: Summon Mana Viper
 11106 | D:9      | Found a runed translucent door.
 11115 | D:9      | Found a basalt altar of Yredelemnul.
 11424 | D:9      | Found a glowing golden altar of the Shining One.
 11425 | D:9      | Found a burning altar of Makhleb.
 11435 | D:9      | Found a stormy altar of Qazlal.
 11438 | D:9      | Found a glowing silver altar of Zin.
 11438 | D:9      | Found a shimmering altar of Xom.
 11445 | D:9      | Found a hazy altar of Hepliaklqana.
 11446 | D:9      | Found a blossoming altar of Fedhas.
 11492 | D:9      | Received a gift from Nemelex Xobeh
 11526 | D:9      | Reached ** piety under Nemelex Xobeh
 11642 | D:9      | Noticed a two-headed ogre
 11647 | D:9      | Killed a two-headed ogre
 11854 | D:10     | Entered Level 10 of the Dungeon
 11861 | D:10     | Found a staircase to the Lair.
 11900 | D:10     | Noticed a two-headed ogre
 11903 | D:10     | Killed a two-headed ogre
 11985 | Orc:1    | Entered Level 1 of the Orcish Mines
 11985 | Orc:1    | Noticed Harold
 11991 | Orc:1    | Killed Harold
 12274 | D:10     | Found Motro's Weapon Emporium.
 12377 | D:10     | Received a gift from Nemelex Xobeh
 12521 | D:11     | Noticed a boulder beetle
 12537 | D:11     | Killed a boulder beetle
 12538 | D:11     | Reached XP level 12. HP: 42/86 MP: 0/0
 12770 | Lair:1   | Entered Level 1 of the Lair of Beasts
 12781 | Lair:1   | Reached skill level 1 in Invocations
 13230 | Lair:1   | Reached *** piety under Nemelex Xobeh
 13270 | Lair:1   | Noticed Joseph
 13289 | Lair:1   | Killed Joseph
 13980 | Lair:2   | Reached skill level 10 in Dodging
 14211 | Lair:2   | Found a staircase to the Shoals.
 14557 | Lair:2   | Reached XP level 13. HP: 94/94 MP: 0/0
 14557 | Lair:2   | Learned a level 5 spell: Agony
 14654 | Lair:3   | Reached skill level 5 in Invocations
 14794 | Lair:3   | You are sucked into a shaft and drop 3 floors!
 14794 | Lair:6   | Entered Level 6 of the Lair of Beasts
 14901 | Lair:6   | Noticed a six-headed hydra
 14916 | Lair:6   | Killed a six-headed hydra
 15000 | Lair:6   | Reached skill level 10 in Fighting
 15013 | Lair:6   | Reached **** piety under Nemelex Xobeh
 15060 | Lair:6   | Noticed a catoblepas
 15166 | Lair:6   | Killed a catoblepas
 15282 | Lair:6   | Noticed an eight-headed hydra
 15291 | Lair:6   | Killed an eight-headed hydra
 15366 | Lair:6   | Noticed a six-headed hydra
 15538 | Lair:5   | Reached XP level 14. HP: 73/103 MP: 0/0
 15659 | Lair:5   | Received a gift from Nemelex Xobeh
 16134 | Lair:5   | Received a gift from Nemelex Xobeh
 16711 | Lair:4   | Found a staircase to the Snake Pit.
 16833 | Lair:4   | Reached ***** piety under Nemelex Xobeh
 16962 | Lair:4   | Received a gift from Nemelex Xobeh
 17041 | Lair:4   | Noticed an entropy weaver
 17041 | Lair:4   | a death yak changed into an entropy weaver
 17041 | Lair:4   | Noticed an emperor scorpion
 17041 | Lair:4   | a death yak changed into an emperor scorpion
 17046 | Lair:4   | Killed a ghost moth
 17046 | Lair:4   | Killed an entropy weaver
 17104 | Lair:4   | Killed an emperor scorpion
 17589 | Snake:1  | Entered Level 1 of the Snake Pit
 17688 | Snake:1  | Noticed Athoe's ghost (adept PaFi)
 17738 | Lair:5   | Reached XP level 15. HP: 62/113 MP: 0/0
 17738 | Lair:5   | Learned a level 6 spell: Eringya's Noxious Bog
 17933 | Lair:6   | Received a gift from Nemelex Xobeh
 18104 | Lair:6   | Found a viscous altar of Jiyva.
 18105 | Lair:6   | Found a staircase to the Slime Pits.
 18508 | Lair:6   | Reached skill level 10 in Invocations
 18700 | Lair:3   | Received a gift from Nemelex Xobeh
 19325 | Lair:1   | Identified the +8 ring mail of the Wumpus {Dex+5}
 19549 | D:11     | Received a gift from Nemelex Xobeh
 20210 | Orc:1    | Noticed an orc warlord
 20232 | Orc:1    | Killed an orc warlord
 20280 | Orc:1    | Received a gift from Nemelex Xobeh
 20314 | Orc:1    | Found Yrphimix's Distillery.
 20324 | Orc:1    | Bought a potion of curing for 45 gold pieces
 20324 | Orc:1    | Bought a potion of curing for 45 gold pieces
 20324 | Orc:1    | Bought a potion of might for 60 gold pieces
 20324 | Orc:1    | Bought a potion of berserk rage for 75 gold pieces
 20324 | Orc:1    | Bought a potion of curing for 45 gold pieces
 20324 | Orc:1    | Bought a potion of curing for 45 gold pieces
 20324 | Orc:1    | Bought a potion of haste for 150 gold pieces
 20324 | Orc:1    | Bought a potion of invisibility for 120 gold pieces
 20589 | Orc:2    | Entered Level 2 of the Orcish Mines
 20848 | Orc:2    | Found a staircase to the Elven Halls.
 21132 | Orc:2    | Found Anazar's Book Boutique.
 21132 | Orc:2    | Found Ableuce's Armour Shoppe.
 21134 | Orc:2    | Found Neidiq's Assorted Antiques.
 21134 | Orc:2    | Found Futz's Antique Armour Shoppe.
 21146 | Orc:2    | Bought a metallic silvery potion for 27 gold pieces
 21146 | Orc:2    | Bought a potion of heal wounds for 150 gold pieces
 21146 | Orc:2    | Bought a potion of curing for 90 gold pieces
 21146 | Orc:2    | Bought a scroll of identify for 60 gold pieces
 21146 | Orc:2    | Bought a lumpy coppery potion for 27 gold pieces
 21169 | Orc:2    | Bought a jewelled leather armour for 175 gold pieces
 21169 | Orc:2    | Identified the +3 leather armour "Cogeh" {rC- Str-2 Dex+10
                  | Stlth+} (You bought it in a shop on level 2 of the Orcish
                  | Mines)
 21169 | Orc:2    | Bought a spiked scale mail for 225 gold pieces
 21169 | Orc:2    | Identified the +4 scale mail of Articulation {*Slow rN+
                  | Regen+ Int+6} (You bought it in a shop on level 2 of the
                  | Orcish Mines)
 21169 | Orc:2    | Bought a pair of gloves for 112 gold pieces
 21576 | D:12     | Received a gift from Nemelex Xobeh
 22038 | D:12     | Received a gift from Nemelex Xobeh
 22143 | D:12     | Reached ****** piety under Nemelex Xobeh
 22373 | D:13     | Noticed Josephine
 22389 | D:13     | Killed Josephine
 22425 | D:13     | Received a gift from Nemelex Xobeh
 22555 | D:13     | Found a gate to the Vaults.
 22562 | D:13     | Identified the +5 scale mail of the Sunfish {Will++ Str+2}
 22671 | D:13     | Found Negism's Armour Shop.
 22684 | D:13     | Reached XP level 16. HP: 76/122 MP: 0/0
 22901 | D:13     | Found a frozen archway.
 22963 | IceCv    | Entered an ice cave
 23852 | D:13     | Noticed Kirke
 23871 | D:13     | Killed Kirke
 24054 | D:13     | Received a gift from Nemelex Xobeh
 24303 | D:14     | Found Xuriej's Book Shoppe.
 24305 | D:14     | Identified the +5 trident "Fuded" {vorpal, Str+5 Dex+3}
 24575 | D:14     | Noticed Snorg
 24590 | D:14     | Killed Snorg
 24781 | D:14     | Noticed Nessos
 24784 | D:14     | Noticed Nessos
 24784 | D:14     | Nessos changed into Nessos the komodo dragon
 24788 | D:14     | Killed Nessos the komodo dragon
 25360 | D:15     | Entered Level 15 of the Dungeon
 25363 | D:15     | Found a transporter.
 25367 | D:15     | Noticed freelancePsychic's ghost (adept DjWr)
 25368 | D:15     | Found a transporter.
 25569 | D:15     | Received a gift from Nemelex Xobeh
 25691 | D:15     | Found a staircase to the Depths.
 25803 | D:15     | Found Virimedghoh's Book Boutique.
 25880 | D:15     | Identified the +6 halberd "Goblinbane" {speed, rF++ rC-
                  | Str+2 Stlth+}
 26179 | D:8      | Killed siradein's ghost
 26599 | Snake:1  | Found a transporter.
 26612 | Snake:1  | Reached skill level 15 in Spellcasting
 26614 | Snake:1  | Found a transporter.
 26621 | Snake:1  | Reached skill level 15 in Fighting
 26701 | Snake:1  | Found a shadowy altar of Dithmenos.
 26803 | Snake:1  | Reached XP level 17. HP: 105/131 MP: 0/0
 26803 | Snake:1  | Learned a level 6 spell: Conjure Ball Lightning
 27044 | Snake:1  | Found Toula Wy Dyx's Jewellery Emporium.
 27044 | Snake:1  | Found Routoj's Book Boutique.
 27046 | Snake:1  | Found Verchi's Jewellery Emporium.
 27234 | Snake:1  | Identified the +1 pair of gloves "Quece" {*Slow Str+4 SInv}
 27406 | Snake:1  | Killed Athoe's ghost
 27804 | Snake:2  | Noticed Asterion
 27892 | Snake:2  | Mangled by Asterion

Illustrated notes

Levels and vault maps discovered:
D:1:      minmay_arrival_shattered_statue, layout_loops_corners, serial_glass,
          glass_columns_c, glass_columns_c, glass_columns_a, glass_columns_b,
          glass_columns_a, glass_columns_c, glass_columns_c, glass_columns_c,
          item_on_display_a, minmay_strange_pillars, due_unseen_surprise,
          basic_ecumenical_altar, minmay_lizard_king
D:2:      wad_pebble_path, layout_rooms, uniq_robin
D:3:      layout_loops_ring, lemuel_round_altar, mainiacjoe_overflow_alcove_2,
          uniq_jessica, uniq_natasha
D:4:      layout_layer_cave, hex_large
D:5:      layout_basic, item_on_display_a
D:6:      layout_cave_pools, nemelex_xobeh_ov_fountains_minmay,
          portal_sewer_entry_c, grunt_potential, uniq_eustachio, uniq_grinder,
          uniq_sigmund
D:7:      layout_cave_pools, minmay_temple_entry_stoned_glass,
          roderic_lattice_a, uniq_pikel
D:8:      layout_basic, gammafunk_ghost_arena, serial_shops,
          nicolae_square_shop, minmay_door_square
D:9:      layout_basic, dk_yredelemnul_ordeal,
          nicolae_overflow_hallway_of_the_gods, david_orc_3, uniq_erica
D:10:     layout_cave_pools, lair_entry_dummy, serial_shops, nicolae_shop_trees,
          grunt_livestock
D:11:     layout_cave_pods, special_room [special_room_bee]
D:12:     layout_cave_pools, serial_column_ruins, column_ruins_hut_ruined,
          column_ruins_open_small, column_ruins_open_medium,
          column_ruins_corridor_straight, column_ruins_columns_T,
          column_ruins_open_tiny, column_ruins_corridor_straight
D:13:     layout_gridville, grunt_vaults_entry_tiered,
          portal_ice_cave_entry_pillars_1, serial_shops, nicolae_shop_crystal,
          uniq_kirke, uniq_josephine
D:14:     layout_roguey, kiku_gazebo_pond_becter, serial_shops,
          nicolae_diamond_shop, minivault_25_ag, hangedman_fish_farm,
          uniq_nessos, uniq_snorg
D:15:     hangedman_depths_entry_civil_slaughter, layout_cave_pools,
          gammafunk_ghost_arena, minmay_strange_pillars, serial_shops, shop
Temple:   minmay_temple_curvy_loop
Lair:1:   layout_regular_city, uniq_joseph
Lair:2:   layout_roguey, shoals_dummy_entry, infiniplex_staircase_pool
Lair:3:   layout_loops_ring
Lair:4:   layout_cellular_growth, guppyfry_snake_entry_garden
Lair:5:   layout_cave_pods
Lair:6:   grunt_lair_end_beastmaster, layout_regular_city,
          dpeg_slime_entry_enclosed_altar, gammafunk_lair_bear_cave
Snake:1:  layout_misc_corridors, gammafunk_ghost_berserking_beasts, basic_altar,
          minmay_shop_grove
Snake:2:  layout_layer_cave, chequers_hall_statues_wall_a, uniq_asterion
Orc:1:    layout_diamond_mine, serial_shops, nicolae_diamond_shop, uniq_harold
Orc:2:    grunt_orc_tribal_feast, layout_diamond_mine

Skill      XL: |  1  2  3  4  5  6  7  8  9 10 11 12 13 14 15 16 |
---------------+-------------------------------------------------+-----
Spellcasting   | 4 5 6 7 8 9 10 11 12 13 14 15 | 15.2
Fighting       | 1 4 6 7 9 10 12 13 15 | 15.4
Dodging        | 3 5 7 9 10 11 12 | 12.0
Invocations    | 4 7 9 11 13 | 13.4
Stealth        | |  1.5

Action                   |  1- 3 |  4- 6 |  7- 9 | 10-12 | 13-15 | 16-18 || total
-------------------------+-------+-------+-------+-------+-------+-------++-------
Melee: Quarterstaff      |    14 |    15 |     6 |       |       |       ||    35
       Hand axe          |       |       |       |    36 |    20 |     4 ||    60
       Trident           |       |       |       |       |       |     6 ||     6
 Cast: Magic Dart        |    22 |    67 |    70 |    59 |     4 |       ||   222
       Searing Ray       |     8 |     5 |    11 |     9 |     6 |     2 ||    41
       Fulminant Prism   |       |     3 |     4 |    18 |    13 |     1 ||    39
       Iskenderun's Myst |       |     1 |    11 |    48 |    87 |    84 ||   231
       Pain              |       |       |    25 |     2 |     2 |     3 ||    32
       Airstrike         |       |       |    45 |   130 |   489 |   277 ||   941
       Summon Mana Viper |       |       |       |     6 |    19 |     8 ||    33
       Call Imp          |       |       |       |     6 |     5 |       ||    11
       Eringya's Noxious |       |       |       |       |    44 |    13 ||    57
       Agony             |       |       |       |       |     3 |     2 ||     5
       Conjure Ball Ligh |       |       |       |       |       |     1 ||     1
Invok: Draw Destruction  |       |       |       |     1 |    15 |    14 ||    30
       Draw Summoning    |       |       |       |     1 |     9 |     4 ||    14
       Deal Four         |       |       |       |       |       |     5 ||     5
       Draw Escape       |       |       |       |       |       |     1 ||     1
       Triple Draw       |       |       |       |       |       |     1 ||     1
Evoke: Wand              |       |       |       |     2 |     3 |     7 ||    12
  Use: Scroll            |       |     5 |     6 |     3 |    18 |     5 ||    37
       Potion            |       |       |       |       |     1 |     7 ||     8
 Stab: Sleeping          |     1 |       |       |     1 |       |       ||     2
Armor: Robe              |     6 |    10 |    18 |       |       |       ||    34
       Troll leather arm |       |       |       |    22 |    45 |    31 ||    98
Dodge: Dodged            |    33 |    16 |    18 |    71 |   128 |   111 ||   377

Table legend: (Time is in decaauts)
 A = Elapsed time spent in this place.
 B = Non-inter-level travel time spent in this place.
 C = Inter-level travel time spent in this place.
 D = Time resting spent in this place.
 E = Time spent auto-exploring this place.
 F = Levels seen in this place.
 G = Mean time per level.
                   A        B        C        D        E       F      G
               +--------+--------+--------+--------+--------+-----+--------+
         Total |  27994 |  25586 |   2408 |      0 |  20494 |  27 | 1036.8 |
       Dungeon |  18187 |  16628 |   1559 |      0 |  14052 |  15 | 1212.5 |
        Temple |    211 |    188 |     23 |      0 |    184 |   1 |  211.0 |
          Lair |   6317 |   5779 |    538 |      0 |   4454 |   6 | 1052.8 |
     Snake Pit |   1316 |   1094 |    222 |      0 |    655 |   2 |  658.0 |
  Orcish Mines |   1239 |   1173 |     66 |      0 |    703 |   2 |  619.5 |
      Ice Cave |    721 |    721 |      0 |      0 |    446 |   1 |  721.0 |
               +--------+--------+--------+--------+--------+-----+--------+

Top non-repeatable levels by time:
     D:6: 1849 daAuts
     D:5: 1706 daAuts
     D:1: 1648 daAuts
    D:13: 1491 daAuts
    D:11: 1489 daAuts
  Lair:6: 1474 daAuts
     D:4: 1337 daAuts
  Lair:5: 1323 daAuts
 Snake:1: 1279 daAuts
     D:9: 1168 daAuts
     D:7: 1167 daAuts
  Lair:4: 1129 daAuts
    D:14: 1098 daAuts
     D:8: 1075 daAuts
     D:3: 1056 daAuts
